 Dungeon Crawl Stone Soup version 0.29.0-4-gdea44cf6ec (webtiles) character file.

Game seed: 7471517263899310947

51 qw the Chopper (level 3, -3/21 HPs)
             Began as a Tengu Warper on Aug 28, 2022.
             Slain by Sigmund
             ... wielding a +3 vorpal scythe
              (9 damage)
             ... on level 2 of the Dungeon.
             The game lasted 00:00:10 (1877 turns).

qw the Chopper (Tengu Warper)                       Turns: 1877, Time: 00:00:11

Health: -3/21      AC:  5    Str: 13    XL:     3   Next: 83%
Magic:  7/7        EV: 11    Int: 13    God:
Gold:   78         SH:  0    Dex: 13    Spells: 6/6 levels left

rFire   . . .      SeeInvis .   Y - +0 hand axe
rCold   . . .      Faith    .   (no shield)
rNeg    . . .      Spirit   .   h - +0 ring mail
rPois   .          Reflect  .   (helmet restricted)
rElec   .          Harm     .   (no cloak)
rCorr   .          Rampage  .   (no gloves)
Will    .....                   (boots unavailable)
Stlth   +.........              (no amulet)
HPRegen 0.07/turn               (no ring)
MPRegen 0.10/turn               (no ring)

@: no status effects
A: beak, talons 3
a: no special abilities


You were on level 2 of the Dungeon.
You visited 1 branch of the dungeon, and saw 2 of its levels.

You collected 78 gold pieces.


Innate Abilities, Weirdness & Mutations

You have a beak for a mouth.
You have claws for feet.


   Skills:
 - Level 2.0 Fighting
 + Level 4.4 Axes
 - Level 1.0 Throwing
 - Level 1.1 Armour
 - Level 2.1 Dodging
 - Level 2.0 Spellcasting
 - Level 2.4 Translocations


You had 6 spell levels left.
You didn't know any spells.
Your spell library contained the following spells:

 Spells                   Type           Power      Damage    Failure   Level
 Blink                    Tloc           14%        N/A       30%         2
 Gell's Gravitas          Tloc           7%         N/A       52%         3
 Lesser Beckoning         Tloc           7%         N/A       52%         3
 Teleport Other           Tloc           7%         N/A       52%         3
 Manifold Assault         Tloc           7%         N/A       99%         5

Inventory:

Hand Weapons
 e - a +0 mace
 Y - a +0 hand axe (weapon)
Armour
 h - a +0 ring mail (worn)
Jewellery
 c - an amulet of the acrobat
 d - an amulet of reflection
Scrolls
 a - a scroll of enchant weapon {unknown}
Potions
 b - a potion of heal wounds {unknown}
 f - a potion of magic {unknown}
 g - a potion of haste {unknown}
 j - a potion of might {unknown}

Dungeon Overview and Level Annotations

Branches:
Dungeon (2/15)

Altars:
Yredelemnul

Annotations:
D:2 Sigmund


Message History

Found a book of Burglary.
Sigmund shouts!
You hear an angry hiss.
1868 ||| Stepping ~*~*~tactically~*~*~ (hiding).
Sigmund hits you from afar with a +3 vorpal scythe.
A frilled lizard comes into view.
An endoplasm comes into view.
A ball python comes into view.
You hit Sigmund.
Sigmund is lightly wounded.
You closely miss the frilled lizard.
Sigmund hits you with a +3 vorpal scythe.
The frilled lizard bites you but does no damage.
You hit Sigmund.
Sigmund is moderately wounded.
You closely miss the frilled lizard. Sigmund hits you but does no damage.
The frilled lizard bites you but does no damage.
You hit Sigmund but do no damage. Your kick misses Sigmund.
Sigmund is moderately wounded.
You closely miss the frilled lizard.
A goblin comes into view. It is wielding a +0 club.
The frilled lizard completely misses you.
You barely miss Sigmund.
Sigmund is moderately wounded.
You hit the endoplasm. You miss the frilled lizard. Sigmund closely misses you.
The frilled lizard closely misses you. The endoplasm hits you.
You hit the endoplasm.
You kill the endoplasm!
You hit Sigmund. You hit the frilled lizard.
You kill the frilled lizard!
Sigmund closely misses you. The ball python bites you.
The ball python grabs you. The ball python constricts you.
You hit the ball python.
You kill the ball python!
You barely miss Sigmund.
Sigmund gestures wildly while chanting.
Sigmund flickers and vanishes!
Deactivating autopickup; reactivate with Ctrl-A.
1877 ||| FLEEEEING.
Something hits you!
You die...

######## ## #.......
.. ####.###### #.
#....)# ####.
######.##..#####
....
#......##.......
#..##.#######.######
#####..#...# #.#
.....g{@.#.:......#
.#.##.%#.:.#.######
#..##.##.# #.. #.# #
#.. #.# #.. #.# ...
..# ..# .# #.#


You could see a goblin.

Vanquished Creatures
  2 worms (D:2)
  A dart slug (D:1)
  6 endoplasms
  2 giant cockroaches
  3 goblins (D:1)
  3 hobgoblins
  2 jackals (D:1)
  4 kobolds (D:1)
  3 quokkas (D:1)
  A ball python (D:2)
  4 bats
  4 frilled lizards
  6 rats
41 creatures vanquished.

Vanquished Creatures (others)
  A plant (D:1)
1 creature vanquished.

Grand Total: 42 creatures vanquished

Notes
Turn   | Place    | Note
-------+----------+-------------------------------------------
     0 | D:1      | qw the Tengu Warper began the quest for the Orb.
     0 | D:1      | Reached XP level 1. HP: 12/12 MP: 4/4
     0 | D:1      | 0 ||| qw: Version: 0.1-a-89-g26bdef1
     0 | D:1      | 0 ||| qw: Game counter: 2348
     0 | D:1      | 0 ||| qw: Always use a shield: true
     0 | D:1      | 0 ||| qw: God list: Okawaru
     0 | D:1      | 0 ||| qw: Allow faded altars: false
     0 | D:1      | 0 ||| qw: Do Orc after D:15 true
     0 | D:1      | 0 ||| qw: Do second Lair branch before Depths: true
     0 | D:1      | 0 ||| qw: Lair rune preference: random
     0 | D:1      | 0 ||| qw: Plans: Normal
     0 | D:1      | 0 ||| PLANNING D:1-11
   181 | D:1      | 181 ||| Stepping ~*~*~tactically~*~*~ (hiding).
   283 | D:1      | 283 ||| Stepping ~*~*~tactically~*~*~ (hiding).
   295 | D:1      | Reached skill level 3 in Axes
   295 | D:1      | Reached XP level 2. HP: 16/17 MP: 6/6
   820 | D:1      | 820 ||| Stepping ~*~*~tactically~*~*~ (stealth).
   975 | D:1      | Reached XP level 3. HP: 18/21 MP: 7/7
  1180 | D:1      | 1180 ||| Stepping ~*~*~tactically~*~*~ (stealth).
  1182 | D:1      | 1182 ||| Stepping ~*~*~tactically~*~*~ (stealth).
  1356 | D:1      | Reached skill level 4 in Axes
  1461 | D:1      | 1461 ||| UPGRADING to +0 ring mail.
  1471 | D:1      | 1471 ||| DROPPING +0 leather armour.
  1472 | D:1      | 1472 ||| READING scroll labelled QULANE SEPEWIN.
  1473 | D:1      | 1473 ||| READING scroll labelled FOAFIC PANKIO.
  1474 | D:1      | 1474 ||| READING scroll labelled COIBAD DACILITZ.
  1475 | D:1      | 1475 ||| READING 2 scrolls labelled TOKAUG FASHRU.
  1479 | D:1      | 1479 ||| READING scroll labelled SITAHA VISTAU.
  1480 | D:1      | 1480 ||| DROPPING scroll of blinking.
  1481 | D:1      | 1481 ||| READING scroll of teleportation.
  1498 | D:2      | 1498 ||| STAIRDANCE
  1535 | D:2      | 1535 ||| STAIRDANCE
  1735 | D:2      | 1735 ||| Stepping ~*~*~tactically~*~*~ (stealth).
  1736 | D:2      | 1736 ||| Stepping ~*~*~tactically~*~*~ (stealth).
  1741 | D:2      | Found a basalt altar of Yredelemnul.
  1867 | D:2      | Noticed Sigmund
  1868 | D:2      | 1868 ||| Stepping ~*~*~tactically~*~*~ (hiding).
  1877 | D:2      | 1877 ||| FLEEEEING.
  1877 | D:2      | Slain by Sigmund

Levels and vault maps discovered:
D:1:      dpeg_arrival_subterranean_lakeside_camping, layout_basic,
          nicolae_kite_square_tiling_tiny, serial_bayou_pond_b
D:2:      layout_loops_ring, basic_altar, uniq_sigmund

Skill      XL: |  1  2  3 |
---------------+----------+-----
Axes           | 3 4 |  4.4
Fighting       | |  2.0
Throwing       | |  1.0
Armour         | |  1.1
Dodging        | |  2.1
Spellcasting   | |  2.0
Translocations | |  2.4

Action                   || total
-------------------------++-------
Melee: Hand axe          ||    87
       Kick              ||    19
       Peck              ||    21
Throw: Boomerang         ||     7
  Use: Scroll            ||     6
Armor: Leather armour    ||     8
       Ring mail         ||     9
Dodge: Dodged            ||    40

Table legend:
 A = Non-vault XP
 B = Vault XP
 C = Vault XP percentage of total XP
 D = Non-vault monster count
 E = Vault monster count
 F = Vault count percentage of total count
                 A         B        C        D         E       F
            +---------+---------+-------+---------+---------+-------
      Total |      62 |      12 |  16.2 |      33 |       8 |  19.5
            +---------+---------+-------+---------+---------+-------
        D:1 |      35 |      12 |  25.5 |      20 |       8 |  28.6
        D:2 |      27 |       0 |   0.0 |      13 |       0 |   0.0
            +---------+---------+-------+---------+---------+-------
